 Dungeon Crawl Stone Soup version 0.29-a0-1047-g7c58e119a4 (webtiles) character file.

Game seed: 9662997892506124716

2593 nickcage the Impaler (level 9, -6/61 HPs)
             Began as a Merfolk Gladiator on Aug 16, 2022.
             Was a Follower of Qazlal.
             Mangled by a boulder beetle (26 damage)
             ... on level 7 of the Dungeon.
             The game lasted 00:15:26 (6164 turns).

nickcage the Impaler (Merfolk Gladiator)            Turns: 6164, Time: 00:15:26

Health: -6/61      AC: 13    Str: 18    XL:     9   Next: 58%
Magic:  9/9        EV:  6    Int:  7    God:    Qazlal [*.....]
Gold:   286        SH:  6    Dex: 16    Spells: 8/8 levels left

rFire   + . .      SeeInvis +   B - +4 trident of the Ghost {vorpal, SInv}
rCold   + . .      Faith    .   (no shield)
rNeg    . . .      Spirit   .   x - +1 plate armour
rPois   .          Reflect  +   c - +1 helmet
rElec   .          Harm     .   (no cloak)
rCorr   .          Rampage  .   (no gloves)
Will    .....                   (no boots)
Stlth   ..........              h - amulet of reflection
HPRegen 0.20/turn               k - ring of protection from cold
MPRegen 0.11/turn               y - ring of protection from fire

@: mighty
A: (nimble swimmer 2), mertail
a: Renounce Religion


You were on level 7 of the Dungeon.
You worshipped Qazlal.
Qazlal was aware of your devotion.
You visited 2 branches of the dungeon, and saw 8 of its levels.

You collected 376 gold pieces.
You spent 90 gold pieces at shops.

Inventory:

Hand Weapons
 a - a +1 trident
 B - the +4 trident of the Ghost (weapon) {vorpal, SInv}
   (You found it on level 4 of the Dungeon)

   It inflicts extra damage upon your enemies.
   SInv:      It lets you see invisible.
Missiles
 d - 3 throwing nets
 e - a javelin
 r - 6 poisoned darts (quivered)
Armour
 b - a +0 leather armour
 c - a +1 helmet (worn)
 m - a +0 ring mail
 o - a +0 scale mail
 x - a +1 plate armour (worn)
Jewellery
 h - an amulet of reflection (around neck)
 k - a ring of protection from cold (left hand)
 q - an amulet of guardian spirit
 y - a ring of protection from fire (right hand)
 D - a ring of wizardry
 E - a ring of protection from fire
Wands
 s - a wand of charming (11)
Scrolls
 n - 4 scrolls of amnesia
 p - 6 scrolls of identify
 u - 6 scrolls of vulnerability
 v - 2 scrolls of poison
 C - 2 scrolls of teleportation
 G - a scroll of brand weapon {unknown}
Potions
 f - 2 potions of brilliance
 g - 2 potions of flight {unknown}
 i - 2 potions of invisibility {unknown}
 j - a potion of berserk rage {unknown}
 l - 5 potions of attraction
 t - a potion of mutation {unknown}
 z - 2 potions of curing {unknown}
 A - 3 potions of heal wounds {unknown}
 F - a potion of degeneration {unknown}
Miscellaneous
 H - a phantom mirror
 I - a lightning rod (4/4)


   Skills:
 - Level 2.1 Fighting
 + Level 16.4 Polearms
 - Level 2.0 Throwing
 - Level 4.0 Dodging
 - Level 1.0 Shields


You had 8 spell levels left.
You didn't know any spells.
Your spell library contained the following spells:

 Spells                   Type           Power      Damage    Failure   Level
 Freeze                   Ice            0%         1d3       100%        1
 Dazzling Flash           Conj/Hex       0%         N/A       100%        3
 Frozen Ramparts          Ice            0%         1d1       100%        3
 Ozocubu's Armour         Ice            0%         N/A       100%        3
 Hailstorm                Conj/Ice       0%         3d3       100%        4
 Iskenderun's Mystic Bla  Conj/Tloc      0%         2d3       100%        4
 Metabolic Englaciation   Hex/Ice        0%         N/A       100%        5
 Simulacrum               Ice/Necr       0%         N/A       100%        6
 Starburst                Conj/Fire      0%         6d3       100%        6


Dungeon Overview and Level Annotations

Branches:
Dungeon (7/15)             Temple (1/1) D:5

Altars:
Ashenzari
Dithmenos
Elyvilon
Fedhas
Gozag
Hepliaklqana
Kikubaaqudgha
Makhleb
Nemelex Xobeh
Okawaru
Qazlal
Ru
Sif Muna
Trog
Vehumet
Wu Jian
Yredelemnul
Zin
The Shining One

Shops:
D:3 *   D:4 *

Annotations:
D:6 4 runed translucent doors


Innate Abilities, Weirdness & Mutations

((You are very nimble when in or above water. (Stealth+, EV+, Speed+++)))
Your lower body shifts to a powerful aquatic tail in water.


Message History

The red ugly thing gurgles horribly!
The two-headed ogre shouts in stereo!
There is an open door here.
Things that are here:
a +0 club; a +0 robe You see here a lightning rod (4/4).
I - a lightning rod (4/4)
Things that are here:
a +0 club; a +0 robe
There is an open door here.
There is a stone staircase leading down here.
The red ugly thing gurgles horribly!
Could not explore, unopened runed door.
(D) Dungeon (T) Temple
Where to? (Enter - D:6 @ (x,y), ? - help)
There is a stone staircase leading down here.
You climb downwards.
There is a stone staircase leading up here.
A boulder beetle comes into view.
You throw a poisoned dart.
The poisoned dart completely misses the boulder beetle.
You throw a poisoned dart.
The poisoned dart hits the boulder beetle.
You throw a poisoned dart.
The poisoned dart hits the boulder beetle.
The boulder beetle curls into a ball and begins rolling!
You throw a poisoned dart.
The poisoned dart hits the boulder beetle.
You throw a poisoned dart.
The poisoned dart hits the boulder beetle.
The boulder beetle is poisoned.
You throw a poisoned dart.
The poisoned dart hits the boulder beetle.
The boulder beetle looks even sicker.
The boulder beetle is lightly wounded.
The boulder beetle hits you!!!
Ouch! That really hurt!
The boulder beetle stops rolling and uncurls.
You feel very mighty all of a sudden. The boulder beetle bites you!!
You die...

##### ##...#
#....#####
#......#.##
#......#..##
###......<..#
#..............#
#@°...........##
#..B...........#
#...°..........#
...^.°........##
#..............#
#......(........
#......(....
#.......(..


You could see a boulder beetle (very poisoned).

Vanquished Creatures
  A boulder beetle (D:6)
  A cyclops (D:6)
  A water moccasin (D:6)
  An orc warrior (D:6)
  An ice beast (D:6)
  A centaur (D:6)
  2 phantoms
  2 necrophages (D:6)
  7 scorpions
  2 hounds (D:6)
  A jelly (D:6)
  A gnoll bouda (D:6)
  2 orc priests
  Natasha (thrice) (D:3)
  An iguana (D:4)
  2 hound zombies (D:3)
  3 gnolls (D:5)
  4 adders
  2 white imps
  An ufetubus (D:6)
  3 worms
  2 adder skeletons (D:3)
  3 dart slugs
  15 orcs
  6 endoplasms
  4 giant cockroaches
  9 goblins
  9 hobgoblins
  8 jackals
  5 kobolds
  4 quokkas
  3 ball pythons
  4 bats
  5 frilled lizards
  A quokka skeleton (D:3)
  7 rats
127 creatures vanquished.

Vanquished Creatures (others)
  A withered plant (D:3)
1 creature vanquished.

Grand Total: 128 creatures vanquished

Notes
Turn   | Place    | Note
-------+----------+-------------------------------------------
     0 | D:1      | nickcage the Merfolk Gladiator began the quest for the Orb.
     0 | D:1      | Reached XP level 1. HP: 16/16 MP: 1/1
   271 | D:1      | Reached XP level 2. HP: 22/22 MP: 2/2
   414 | D:1      | Reached skill level 5 in Polearms
   596 | D:2      | Reached XP level 3. HP: 27/27 MP: 3/3
   896 | D:2      | Reached skill level 6 in Polearms
   994 | D:2      | Reached XP level 4. HP: 33/33 MP: 4/4
  1548 | D:3      | Reached skill level 7 in Polearms
  1809 | D:3      | Reached XP level 5. HP: 29/38 MP: 5/5
  1919 | D:3      | Found an ornate altar of the Wu Jian Council.
  1992 | D:3      | Noticed Natasha
  2007 | D:3      | Killed Natasha
  2277 | D:3      | Found Gipt's Assorted Antiques.
  2332 | D:3      | Bought a scroll labelled ZEPERRO QAEWY for 18 gold pieces
  2332 | D:3      | Bought 2 scrolls labelled LOCYNNEKAO for 36 gold pieces
  2332 | D:3      | Bought a scroll labelled VUPSUN NAXI for 18 gold pieces
  2332 | D:3      | Bought a scroll labelled WIOFIS PERCHE for 18 gold pieces
  2455 | D:3      | Reached skill level 1 in Shields
  2580 | D:3      | Noticed Natasha
  2586 | D:3      | Killed Natasha
  2587 | D:3      | Reached skill level 8 in Polearms
  2690 | D:3      | Noticed Natasha
  2699 | D:3      | Killed Natasha
  2869 | D:4      | Found Duetusia's General Store.
  3008 | D:4      | Reached XP level 6. HP: 44/44 MP: 6/6
  3253 | D:4      | Reached skill level 9 in Polearms
  3255 | D:4      | Identified the +4 trident of the Ghost {vorpal, SInv}
  3409 | D:4      | Found a shadowy altar of Dithmenos.
  3543 | D:5      | Entered Level 5 of the Dungeon
  3577 | D:5      | Reached XP level 7. HP: 50/50 MP: 7/7
  3595 | D:5      | Reached skill level 10 in Polearms
  3806 | D:5      | Found a staircase to the Ecumenical Temple.
  3825 | Temple   | Entered the Ecumenical Temple
  3825 | Temple   | Found a transporter.
  3825 | Temple   | Found a transporter.
  3827 | Temple   | Found a transporter.
  3827 | Temple   | Found a transporter.
  3851 | Temple   | Became a worshipper of Qazlal Stormbringer
  4185 | D:5      | Found an iron altar of Okawaru.
  4238 | D:5      | Found a shimmering blue altar of Sif Muna.
  4408 | D:5      | Found a radiant altar of Vehumet.
  4557 | D:5      | Found a sacrificial altar of Ru.
  4669 | D:6      | Reached skill level 11 in Polearms
  4725 | D:6      | Reached XP level 8. HP: 48/56 MP: 8/8
  4829 | D:6      | Reached skill level 12 in Polearms
  5230 | D:6      | Reached skill level 13 in Polearms
  5495 | D:6      | Found a large runed translucent door.
  5509 | D:6      | Found a large runed translucent door.
  5513 | D:6      | Noticed a red ugly thing
  5514 | D:6      | Noticed a two-headed ogre
  5522 | D:6      | Found a large runed translucent door.
  5522 | D:6      | Found a large runed translucent door.
  5553 | D:6      | Noticed a boulder beetle
  5584 | D:6      | Killed a boulder beetle
  5585 | D:6      | Reached skill level 15 in Polearms
  5585 | D:6      | Reached XP level 9. HP: 38/61 MP: 9/9
  5748 | D:6      | Reached * piety under Qazlal
  5765 | D:6      | Noticed a cyclops
  5785 | D:6      | Killed a cyclops
  5786 | D:6      | Reached skill level 16 in Polearms
  6157 | D:7      | Noticed a boulder beetle
  6164 | D:7      | Mangled by a boulder beetle

Illustrated notes

Levels and vault maps discovered:
D:1:      eino_arrival_druids_welcome, layout_basic
D:2:      layout_basic
D:3:      layout_rooms, nicolae_wu_jian_immortal_techniques, serial_undead,
          serial_undead_d, serial_undead_b, serial_undead_c, serial_undead_e,
          serial_shops, nicolae_shop_stone, due_unseen_surprise, uniq_natasha
D:4:      layout_loops_cross, nicolae_dithmenos_through_a_glass_darkly,
          serial_shops, nicolae_stop_n_shop_1
D:5:      layout_cave_pools, mainiacjoe_overflow_large_starburst,
          nicolae_ru_the_path_less_chosen, amcnicky_altar_gilded,
          minmay_temple_entry_arrows
D:6:      layout_loops_ring, kennysheep_nondescript,
          minmay_hollow_rounded_squares
D:7:      layout_cave_pools, nicolae_uskayaw_en_pointe, xom_redecorated,
          serial_shops, nicolae_shop_bloodbath_and_beyond, dk_noncrumbling_3,
          uniq_maggie, uniq_duvessa
Temple:   hellmonk_temple_divided_pantheon

Skill      XL: |  1  2  3  4  5  6  7  8  9 |
---------------+----------------------------+-----
Polearms       | 5 6 7 8 9 11 15 16 | 16.4
Shields        | 1 |  1.0
Fighting       | |  2.1
Throwing       | |  2.0
Dodging        | |  4.0

Action                   |  1- 3 |  4- 6 |  7- 9 || total
-------------------------+-------+-------+-------++-------
Melee: Trident           |   105 |   179 |   153 ||   437
       Punch             |       |       |     3 ||     3
Throw: Javelin           |     1 |       |       ||     1
       Dart              |       |     2 |    15 ||    17
  Use: Scroll            |     3 |     9 |     1 ||    13
       Potion            |       |       |     1 ||     1
 Stab: Sleeping          |     2 |       |       ||     2
Armor: Leather armour    |     1 |       |       ||     1
       Ring mail         |    15 |     1 |       ||    16
       Scale mail        |       |    24 |       ||    24
       Plate armour      |       |    12 |    46 ||    58
Dodge: Dodged            |    40 |    46 |    15 ||   101
Block: Other             |    15 |    26 |    20 ||    61
       Reflection        |       |       |     1 ||     1

Table legend: (Time is in decaauts)
 A = Elapsed time spent in this place.
 B = Non-inter-level travel time spent in this place.
 C = Inter-level travel time spent in this place.
 D = Time resting spent in this place.
 E = Time spent auto-exploring this place.
 F = Levels seen in this place.
 G = Mean time per level.
                   A        B        C        D        E       F      G
               +--------+--------+--------+--------+--------+-----+--------+
         Total |   6102 |   5974 |    128 |   1195 |   3893 |   8 |  762.8 |
       Dungeon |   5753 |   5625 |    128 |    895 |   3887 |   7 |  821.9 |
        Temple |    348 |    348 |      0 |    300 |      6 |   1 |  348.0 |
               +--------+--------+--------+--------+--------+-----+--------+

Top non-repeatable levels by time:
     D:6: 1478 daAuts
     D:3: 1143 daAuts
     D:2: 1123 daAuts
     D:5: 729 daAuts
     D:4: 673 daAuts
     D:1: 591 daAuts
  Temple: 348 daAuts
     D:7: 14 daAuts
